 Dungeon Crawl Stone Soup version 0.31-a0-196-g86fe4a5e66 (webtiles) character file.

Game seed: 1140070880898957966

70 qw the Shooter (level 4, 0/25 HPs)
             Began as a Deep Elf Hunter on June 24, 2023.
             Killed by divine providence
             ... invoked by an orc priest
              (16 damage)
             ... on level 3 of the Dungeon.
             The game lasted 00:00:26 (1155 turns).

qw the Shooter (Deep Elf Hunter)                    Turns: 1155, Time: 00:00:26

Health: 0/25       AC:  8    Str: 10    XL:     4   Next: 3%
Magic:  6/6        EV: 11    Int: 14    God:
Gold:   129        SH:  0    Dex: 18    Spells: 3/3 levels left

rFire   . . .        Y - +2 shortbow
rCold   . . .        (shield currently unavailable)
rNeg    . . .        a - +3 ring mail {rPois}
rPois   +            (no helmet)
rElec   .            (no cloak)
rCorr   .            (no gloves)
SInv    .            (no boots)
Will    .....        (no amulet)
Stlth   +            (no ring)
HPRegen 0.24/turn    (no ring)
MPRegen 0.10/turn

%: no passive effects
@: hasted, very quick
A: no striking features
a: no special abilities


You were on level 3 of the Dungeon.
You visited 1 branch of the dungeon, and saw 3 of its levels.

You collected 129 gold pieces.


   Skills:
 - Level 1.5 Fighting
 + Level 7.4 Ranged Weapons
 - Level 2.4 Dodging
 - Level 1.2 Stealth


You had 3 spell levels left.
You didn't know any spells.
Your spell library was empty.

Inventory:

Hand Weapons
 Y - a +2 shortbow (weapon)
Armour
 a - a +3 ring mail of poison resistance (worn)
Scrolls
 e - a scroll of identify
Potions
 b - a potion of brilliance {unknown}
 d - a potion of curing {unknown}
 f - 2 potions of haste

Dungeon Overview and Level Annotations

Branches:
Dungeon (3/15)

Altars:
Kikubaaqudgha


Message History

Your +2 ring mail of poison resistance glows green for a moment.
1112 ||| ENCHANTING +2 ring mail of poison resistance.
Done exploring.
1113 ||| DRINKING 3 bubbling amethyst potions.
It was a potion of haste.
You feel yourself speed up.
Done exploring.
1114 ||| DROPPING scroll of poison.
You drop a scroll of poison.
Done exploring.
(D) Dungeon
Where to? (* - list waypoints, Enter - D:2, ? - help)
What level of the Dungeon? (default 1, ? - help)
There is a stone staircase leading down here.
You climb downwards.
Found a shiny orb.
There is a stone staircase leading up here.
Waypoint 2 assigned to D:3.
You see here an orb of wrath.
Found a stone staircase leading up.
You now have 129 gold pieces (gained 3).
There is a stone staircase leading up here.
An orc comes into view. It is wielding a +0 dagger.
You shoot an arrow. The arrow hits the orc.
The orc is severely wounded.
You hear a shout! x2
An orc comes into view. It is wielding a +0 short sword.
You shoot an arrow. The arrow hits the orc.
You kill the orc!
An orc priest comes into view. It is wielding a +0 short sword.
You shoot an arrow. The arrow hits the orc priest!
The orc priest is severely wounded.
The orc priest mumbles some strange prayers to Beogh against you.
Beogh smites you!
You shoot an arrow. The arrow hits the orc priest.
The orc priest is almost dead.
You shoot an arrow.
The arrow closely misses the orc priest.
The orc priest calls down the wrath of Beogh upon you.
Beogh smites you!
Ouch! That really hurt!
You die...

#.....#
#.....# #
#.....# #.
#.....# #..
##.#### ..
#<# #.####
#.#
#....#####.#
#.@......#
#..#######
#....o
#.#..#.
.?....#.#
[#....## # #
..... #.#.#.


You could see an orc priest.

Vanquished Creatures
  3 adders (D:2)
  A dart slug (D:2)
  An orc (D:3)
  6 ball pythons
  6 endoplasms
  A giant cockroach (D:2)
  4 goblins
  5 hobgoblins
  A quokka (D:2)
  2 kobolds (D:1)
  6 rats
36 creatures vanquished.

Notes
Turn   | Place    | Note
-------+----------+-------------------------------------------
     0 | D:1      | qw the Deep Elf Hunter began the quest for the Orb.
     0 | D:1      | Reached XP level 1. HP: 12/12 MP: 3/3
     0 | D:1      | 0 ||| qw: Version: 0.3-a-9-g12657ce
     0 | D:1      | 0 ||| qw: Game counter: 4775
     0 | D:1      | 0 ||| qw: Always use a shield: true
     0 | D:1      | 0 ||| qw: God list: Okawaru
     0 | D:1      | 0 ||| qw: Allow faded altars: false
     0 | D:1      | 0 ||| qw: Do Orc after D:15 true
     0 | D:1      | 0 ||| qw: Do second Lair branch before Depths: true
     0 | D:1      | 0 ||| qw: Lair rune preference: random
     0 | D:1      | 0 ||| qw: Plans: Normal
     0 | D:1      | 0 ||| PLANNING D:1-11
   235 | D:1      | Reached XP level 2. HP: 16/16 MP: 4/4
   237 | D:1      | Reached skill level 6 in Ranged Weapons
   512 | D:1      | 512 ||| READING scroll labelled QOALEI LOVUS.
   513 | D:1      | 513 ||| READING 2 scrolls labelled QOCZOPPELU.
   514 | D:1      | 514 ||| READING scroll of enchant weapon.
   514 | D:1      | 514 ||| ENCHANTING +1 shortbow.
   515 | D:1      | 515 ||| DROPPING scroll of butterflies.
   646 | D:2      | Found an ancient bone altar of Kikubaaqudgha.
   657 | D:2      | Reached XP level 3. HP: 20/20 MP: 5/5
   776 | D:2      | Reached skill level 7 in Ranged Weapons
   964 | D:2      | Reached XP level 4. HP: 25/25 MP: 6/6
  1098 | D:2      | 1098 ||| UPGRADING to +2 ring mail of poison resistance.
  1108 | D:2      | 1108 ||| DROPPING +0 leather armour.
  1109 | D:2      | 1109 ||| READING 2 scrolls labelled UVOITRASCHEL.
  1110 | D:2      | 1110 ||| READING 2 scrolls labelled ZEATIE TOHO.
  1111 | D:2      | 1111 ||| READING 2 scrolls labelled TISIRYVEAQ.
  1112 | D:2      | 1112 ||| READING scroll of enchant armour.
  1112 | D:2      | 1112 ||| ENCHANTING +2 ring mail of poison resistance.
  1113 | D:2      | 1113 ||| DRINKING 3 bubbling amethyst potions.
  1114 | D:2      | 1114 ||| DROPPING scroll of poison.
  1155 | D:3      | Killed from afar by an orc priest

Levels and vault maps discovered:
D:1:      minmay_arrival_pointy, layout_basic, kennysheep_decorative_pillar
D:2:      layout_rooms, basic_altar, dreamdust_princess_corridor,
          kennysheep_generic_room_7
D:3:      layout_loops_cross, xom_redecorated, serial_glass, glass_columns_a,
          glass_columns_a, due_unseen_surprise, feat_on_display,
          feat_on_display, uniq_sigmund

Skill      XL: |  1  2  3 |
---------------+----------+-----
Ranged Weapons | 6 7 |  7.4
Fighting       | |  1.5
Dodging        | |  2.4
Stealth        | |  1.2

Action                     |  1- 3 |  4- 6 || total
---------------------------+-------+-------++-------
   Fire: Shortbow          |    73 |     5 ||    78
    Use: Scroll            |     3 |     4 ||     7
         Potion            |       |     1 ||     1
  Dodge: Dodged            |     1 |       ||     1

Table legend:
 A = Non-vault XP
 B = Vault XP
 C = Vault XP percentage of total XP
 D = Non-vault monster count
 E = Vault monster count
 F = Vault count percentage of total count
                 A         B        C        D         E       F
            +---------+---------+-------+---------+---------+-------
      Total |     100 |       0 |   0.0 |      36 |       0 |   0.0
            +---------+---------+-------+---------+---------+-------
        D:1 |      31 |       0 |   0.0 |      18 |       0 |   0.0
        D:2 |      66 |       0 |   0.0 |      17 |       0 |   0.0
        D:3 |       3 |       0 |   0.0 |       1 |       0 |   0.0
            +---------+---------+-------+---------+---------+-------
